 Dungeon Crawl Stone Soup version 0.28.0-49-g6dfe1f597d (webtiles) character file.

Game seed: 16495127481949986337

11006 Zeld the Fighter (level 11, 0/107 HPs)
             Began as a Minotaur Berserker on May 19, 2022.
             Was a High Priest of Trog.
             Slain by a troll (12 damage)
             ... on level 10 of the Dungeon.
             The game lasted 00:08:31 (13410 turns).

Zeld the Fighter (Minotaur Berserker)              Turns: 13410, Time: 00:08:32

Health: 0/107      AC:  6    Str: 26    XL:     11   Next: 43%
Magic:  10/10      EV: 14    Int:  4    God:    Trog [*****.]
Gold:   521        SH:  5    Dex: 10    Spells: 10/10 levels left

rFire   . . .      SeeInvis +   a - +0 war axe
rCold   . . .      Faith    .   (no shield)
rNeg    . . .      Spirit   .   b - +0 animal skin
rPois   .          Reflect  +   I - +0 hat
rElec   .          Harm     .   h - +1 cloak
rCorr   .          Rampage  .   (no gloves)
Will    .....                   e - +0 pair of boots
Stlth   +.........              y - amulet of reflection
HPRegen 0.27/turn               D - ring of see invisible
MPRegen 0.12/turn               (no ring)

@: no status effects
A: horns 2, retaliatory headbutt
a: Renounce Religion, Berserk, Trog's Hand, Brothers in Arms


You were on level 10 of the Dungeon.
You worshipped Trog.
Trog was extremely pleased with you.
You visited 2 branches of the dungeon, and saw 11 of its levels.
You also visited: Sewer and Ossuary.

You collected 521 gold pieces.

Inventory:

Hand Weapons
 a - a +0 war axe (weapon)
 w - a +0 battleaxe
 L - a +5 war axe of pain
Armour
 b - a +0 animal skin (worn)
 e - a +0 pair of boots (worn)
 h - a +1 cloak (worn)
 I - a +0 hat (worn)
Jewellery
 y - an amulet of reflection (around neck)
 D - a ring of see invisible (left hand)
Wands
 s - a wand of flame (40)
 J - a wand of iceblast (5)
Scrolls
 c - 4 scrolls of summoning {unknown}
 g - 2 scrolls of magic mapping {unknown}
 i - a scroll of brand weapon {unknown}
 j - 3 scrolls of immolation {unknown}
 k - 8 scrolls of teleportation {unknown}
 l - 3 scrolls of vulnerability {unknown}
 n - 8 scrolls of fear {unknown}
 q - 9 scrolls of identify {unknown}
 r - 3 scrolls of fog {unknown}
 x - 3 scrolls of enchant weapon {unknown}
 C - 2 scrolls of enchant armour {unknown}
 E - a scroll of blinking {unknown}
 F - 2 scrolls of noise {unknown}
 H - a scroll of silence {unknown}
Potions
 d - 5 potions of mutation {unknown}
 f - a potion of resistance {unknown}
 m - 6 potions of curing {unknown}
 o - a potion of degeneration {unknown}
 p - 3 potions of attraction {unknown}
 t - a potion of magic {unknown}
 u - 2 potions of heal wounds
 v - 3 potions of might {unknown}
 z - 5 potions of brilliance {unknown}
 A - 2 potions of cancellation {unknown}
 B - 2 potions of lignification {unknown}
 G - a potion of haste {unknown}
 K - a potion of berserk rage {unknown}


   Skills:
 * Level 13.1 Fighting
 * Level 13.0 Axes
 + Level 9.1 Armour
 + Level 8.5 Dodging


You had 10 spell levels left.
You didn't know any spells.
Your spell library was empty.

Dungeon Overview and Level Annotations

Branches:
Dungeon (10/15)            Temple (1/1) D:5            Lair (0/6) D:10
  Sewer (visited)         Ossuary (visited)
    Orc: D:9-12

Altars:
Ashenzari
Cheibriados
Dithmenos
Elyvilon
Fedhas
Gozag
Hepliaklqana
Kikubaaqudgha
Makhleb
Nemelex Xobeh
Okawaru
Qazlal
Ru
Sif Muna
Trog
Uskayaw
Vehumet
Wu Jian
Xom
Yredelemnul
Zin
The Shining One


Innate Abilities, Weirdness & Mutations

You have a pair of horns on your head.
You reflexively headbutt those who attack you in melee.


Message History

You hit the troll.
The troll is heavily wounded.
You block the troll's attack. The troll claws you!
The troll claws you but does no damage.
A troll is nearby!
A troll is nearby!
You slash the troll! Your headbutt misses the troll.
The troll is severely wounded.
The troll bites you! The troll claws you but does no damage.
The troll claws you!
A troll is nearby!
You are too injured to fight recklessly!
A troll is nearby!
You are too injured to fight recklessly!
A troll is nearby!
You are too injured to fight recklessly!
A troll is nearby!
You are too injured to fight recklessly!
You barely miss the troll. Your headbutt misses the troll.
The troll is severely wounded.
You hit the troll but do no damage.
The troll is severely wounded.
The troll barely misses you. The troll claws you. You block the troll's attack.
You closely miss the troll.
The troll is severely wounded.
The troll closely misses you. The troll barely misses you. The troll claws you.
You completely miss the troll.
The troll is severely wounded.
The troll bites you!
* * * LOW HITPOINT WARNING * * *
You block the troll's attack. The troll barely misses you.
You barely miss the troll.
The troll is severely wounded.
The troll barely misses you. The troll misses you. x2
You slash the troll!
The troll is almost dead.
The troll bites you!
* * * LOW HITPOINT WARNING * * *
The troll claws you!
You die...

....##.... .......## # ..
#..?....#.....
#.......#.#..
#.......'....#
#.<.....#.#.#.
#####.............
#..........T......
#.###..##.@##....
.###............. ......
.......?......... ......
..##.###.###..#.. .....
.............#. ....
.........#..... ...
..........#..### #'#
.............######.###.#
...#.>..#................


You could see a troll.

Vanquished Creatures
  Josephine (D:10)
  Erolcha (D:10)
  4 two-headed ogres
  Urug (D:10)
  Pikel (D:6)
  Maggie (D:8)
  A hornet (D:8)
  Grinder (D:3)
  Sigmund (D:4)
  4 wraiths
  6 yaks (D:10)
  A vampire (D:10)
  2 acid dragons
  A water moccasin (D:8)
  2 orc warriors
  A sky beast (D:7)
  7 centaurs
  An ogre (D:3)
  A lemure (D:6)
  A wyvern zombie (D:8)
  Blork the orc (D:6)
  An elf zombie (Ossuary)
  5 bullfrogs
  3 scorpions
  A water moccasin zombie (D:7)
  2 water moccasin skeletons
  9 killer bees
  6 jellies
  2 howler monkeys
  4 centaur zombies
  A bullfrog zombie (D:6)
  2 centaur skeletons
  2 bullfrog skeletons
  4 hounds
  6 orc priests
  Terence (D:3)
  A scorpion zombie (D:5)
  2 iguanas (D:4)
  4 orc wizards
  A hound skeleton (D:4)
  3 mummies (Ossuary)
  4 howler monkey zombies
  8 gnolls
  8 adders
  4 river rats
  A shadow imp (D:7)
  2 white imps (D:7)
  3 adder zombies (Ossuary)
  2 adder skeletons
  2 worms (D:2)
  34 orcs
  14 ball pythons
  10 bats
  8 endoplasms
  2 giant cockroaches
  9 goblins
  10 hobgoblins
  8 jackals
  4 quokkas
  9 frilled lizards
  3 goblin zombies (Ossuary)
  2 hobgoblin zombies (Ossuary)
  8 kobolds
  2 kobold zombies (Ossuary)
  3 quokka zombies (Ossuary)
  27 rats
  4 rat zombies (Ossuary)
291 creatures vanquished.

Notes
Turn   | Place    | Note
-------+----------+-------------------------------------------
     0 | D:1      | Zeld the Minotaur Berserker began the quest for the Orb.
     0 | D:1      | Reached XP level 1. HP: 19/19 MP: 0/0
   166 | D:1      | Reached XP level 2. HP: 18/27 MP: 1/1
   778 | D:1      | Reached ** piety under Trog
   779 | D:1      | Reached XP level 3. HP: 29/33 MP: 2/2
  1673 | D:2      | Reached XP level 4. HP: 41/41 MP: 3/3
  2524 | D:3      | Reached skill level 5 in Fighting
  2524 | D:3      | Reached skill level 5 in Axes
  2524 | D:3      | Reached XP level 5. HP: 42/48 MP: 4/4
  2638 | D:3      | Noticed Terence
  2640 | D:3      | Noticed an ogre
  2901 | D:3      | Noticed Grinder
  2904 | D:3      | Paralysed by Grinder for 6 turns
  2914 | D:3      | Killed Grinder
  2915 | D:3      | Reached XP level 6. HP: 57/57 MP: 5/5
  2987 | D:3      | Reached *** piety under Trog
  3485 | D:3      | Killed Terence
  4059 | D:3      | Reached XP level 7. HP: 64/64 MP: 6/6
  4813 | D:4      | Noticed Sigmund
  4839 | D:4      | Killed Sigmund
  5013 | D:4      | Found a glowing drain.
  5019 | D:4      | Reached skill level 5 in Armour
  5021 | Sewer    | Entered a sewer
  5325 | Sewer    | Reached **** piety under Trog
  5402 | Sewer    | Reached XP level 8. HP: 73/73 MP: 7/7
  5880 | D:5      | Entered Level 5 of the Dungeon
  5919 | D:5      | Reached skill level 5 in Dodging
  5993 | D:5      | Found a sand-covered staircase.
  6006 | Ossuary  | Entered an ossuary
  6208 | Ossuary  | Reached ***** piety under Trog
  6570 | D:5      | Found a staircase to the Ecumenical Temple.
  6729 | Temple   | Entered the Ecumenical Temple
  7130 | D:6      | Noticed Blork the orc
  7136 | D:6      | Killed Blork the orc
  7550 | D:6      | Noticed Pikel
  7561 | D:6      | Killed Pikel
  7562 | D:6      | Reached XP level 9. HP: 78/83 MP: 8/8
  8763 | D:7      | Reached skill level 10 in Fighting
  8865 | D:7      | Reached skill level 10 in Axes
  9718 | D:8      | Noticed Maggie
  9731 | D:8      | Killed Maggie
  9732 | D:8      | Reached XP level 10. HP: 81/94 MP: 9/9
  9874 | D:8      | Paralysed by a hornet for 2 turns
 10301 | D:8      | Noticed a two-headed ogre
 10309 | D:8      | Killed a two-headed ogre
 11326 | D:9      | Noticed a two-headed ogre
 11331 | D:9      | Killed a two-headed ogre
 11573 | D:9      | Found a glowing golden altar of the Shining One.
 11601 | D:9      | Noticed a two-headed ogre
 11609 | D:9      | Killed a two-headed ogre
 11869 | D:10     | Entered Level 10 of the Dungeon
 11871 | D:10     | Noticed a death yak
 11871 | D:10     | Noticed Josephine
 11886 | D:10     | Noticed Erolcha
 12067 | D:10     | Killed Erolcha
 12072 | D:10     | Reached XP level 11. HP: 104/104 MP: 10/10
 12331 | D:10     | Noticed a two-headed ogre
 12343 | D:10     | Noticed Urug
 12951 | D:10     | Killed Josephine
 13070 | D:10     | Killed Urug
 13282 | D:10     | Killed a two-headed ogre
 13382 | D:10     | Found a staircase to the Lair.
 13410 | D:10     | Slain by a troll

Illustrated notes

Levels and vault maps discovered:
D:1:      dpeg_arrival_refuge, layout_basic, st_stairs_5
D:2:      layout_basic
D:3:      layout_loops_ring, grunt_ministairs_4, minmay_distorted, uniq_grinder,
          uniq_terence
D:4:      layout_loops_cross, portal_sewer_entry_e, grunt_ministairs_14,
          uniq_sigmund
D:5:      layout_rooms, minmay_temple_entry_glassed_door,
          chequers_ossuary_entry_cave, chequers_serial_rivers_micro_d
D:6:      layout_gridville, lightli_orcish_oven, uniq_blork_the_orc, uniq_pikel
D:7:      layout_gridville, kennysheep_generic_room_9
D:8:      layout_rooms, minmay_crossroads, uniq_maggie
D:9:      layout_roguey, overflow_temple_1_default, st_stairs_14
D:10:     layout_basic, dpeg_lair_monsters, uniq_josephine, uniq_maurice,
          uniq_erolcha, uniq_urug
Temple:   mainiacjoe_temple_trianglar_array

Skill      XL: |  1  2  3  4  5  6  7  8  9 10 11 |
---------------+----------------------------------+-----
Axes           | 4 5 6 7 9 10 12 13 | 13.0
Fighting       | 4 5 6 7 9 10 12 13 | 13.1
Armour         | 3 4 5 6 7 8 9 |  9.1
Dodging        | 3 4 5 6 7 8 |  8.5

Action                   |  1- 3 |  4- 6 |  7- 9 | 10-12 || total
-------------------------+-------+-------+-------+-------++-------
Melee: Hand axe          |    88 |   102 |    12 |       ||   202
       Headbutt          |     7 |    14 |    73 |    28 ||   122
       Punch             |     2 |     1 |     5 |     3 ||    11
       War axe           |       |       |   339 |   145 ||   484
Invok: Berserk           |       |     3 |     5 |    10 ||    18
       Trog's Hand       |       |       |     1 |       ||     1
 Stab: Sleeping          |     2 |       |       |       ||     2
Armor: Animal skin       |    23 |    28 |   123 |    28 ||   202
Dodge: Dodged            |    57 |    61 |   266 |   113 ||   497
Block: Other             |       |       |    46 |    31 ||    77
       Reflection        |       |       |     4 |     1 ||     5
